 Dungeon Crawl Stone Soup version 0.21-a0-110-g8e1637b (webtiles) character file.

145 MatthieuS the Poker (level 5, 0/41 HPs)
             Began as a Merfolk Gladiator on July 7, 2017.
             Slain by a hippogriff (6 damage)
             ... on level 3 of the Dungeon.
             The game lasted 00:04:11 (1758 turns).

MatthieuS the Poker (Merfolk Gladiator)             Turns: 1758, Time: 00:04:12

Health: 0/41       AC:  4    Str: 15    XL:     5   Next: 27%
Magic:  5/5        EV: 20    Int:  7    God:
Gold:   44         SH:  0    Dex: 21    Spells: 4/4 levels left

rFire    . . .     SeeInvis .   a - +0 trident
rCold    . . .     Gourm    .   (no shield)
rNeg     . . .     Faith    .   b - +0 leather armour
rPois    .         Spirit   .   c - +0 helmet
rElec    .         Reflect  .   (no cloak)
rCorr    .         Harm     .   (no gloves)
MR       .....                  (no boots)
Stlth    +++.......             (no amulet)
HPRegen  0.13/turn              (no ring)
MPRegen  0.09/turn              (no ring)

@: agile
A: change form in water, swift swim, stealthy swim
a: no special abilities


You were on level 3 of the Dungeon.
You were not hungry.

You visited 1 branch of the dungeon, and saw 3 of its levels.

You collected 44 gold pieces.

Inventory:

Hand Weapons
 a - a +0 trident (weapon)
 r - a +1 hunting sling of freezing
Missiles
 d - 3 throwing nets (quivered)
 s - 13 stones
Armour
 b - a +0 leather armour (worn)
 c - a +0 helmet (worn)
Scrolls
 e - a scroll of magic mapping {unknown}
 g - 4 scrolls of identify {unknown}
 i - a scroll of recharging {unknown}
 l - a scroll of fog {unknown}
 m - a scroll of remove curse {unknown}
 n - a scroll of teleportation {unknown}
 p - a scroll of enchant weapon {unknown}
 v - a scroll of fear {unknown}
Potions
 o - a potion of curing {unknown}
 u - a potion of flight {unknown}
 w - 2 potions of mutation {unknown}
Comestibles
 f - 3 bread rations
 h - 4 fruits
 k - 4 chunks of flesh
 q - a meat ration
 t - a royal jelly


   Skills:
 + Level 3.4 Fighting
 * Level 6.7 Polearms
 - Level 2.0 Throwing
 + Level 5.1 Dodging


You had 4 spell levels left.
You didn't know any spells.

Dungeon Overview and Level Annotations

Branches:
Dungeon (3/15)

Altars:


Message History

You are too injured to fight recklessly!
You are too injured to fight recklessly!
You are too injured to fight recklessly!
You are too injured to fight recklessly!
You are too injured to fight recklessly!
You see here a dagger.
Attack whom?
Press: ? - help, Dir - move target cursor, f - hippogriff
Aim: a hippogriff You hit the hippogriff.
The hippogriff is lightly wounded.
The hippogriff bites you! The hippogriff pecks you.
* * * LOW HITPOINT WARNING * * *
The hippogriff barely misses you.
It was a potion of agility.
You feel agile all of a sudden. The hippogriff bites you.
* * * LOW HITPOINT WARNING * * *
The hippogriff pecks you.
You die...

#.#...##..#######......#.##......
#.###..#.....##........#..#.....#
#'####.##.##.##........##รท......#
....#.....#..............###...##
....#..##.#..#.......#.#.####.##
....#..##....#)#.##....#.#.####
....#..##.##.#.#.#####.....#
)...#........#.#H# #[#.###
....##..#.####.#@# #.#.#
....###...##...#.# #.#.########
..........##.###.. ..#.........
..######..##. #### ###########.
.........><# ...........
.########### #####..##. ..........
#..##. ...####### #..##. ...#
#..#..


You could see a hippogriff.

Vanquished Creatures
  A vampire bat (D:3)
  4 adders
  An ooze (D:2)
  2 worms (D:2)
  A dart slug (D:2)
  2 leopard geckos (D:2)
  An orc (D:3)
  A ball python (D:3)
  4 giant cockroaches
  5 goblins
  4 hobgoblins
  4 jackals (D:2)
  3 quokkas
  7 bats
  3 frilled lizards
  6 kobolds
  6 rats
55 creatures vanquished.

Notes
Turn   | Place    | Note
-------+----------+-------------------------------------------
     0 | D:1      | MatthieuS the Merfolk Gladiator began the quest for the Orb.
     0 | D:1      | Reached XP level 1. HP: 16/16 MP: 1/1
   274 | D:1      | Reached XP level 2. HP: 23/23 MP: 2/2
   479 | D:2      | Reached skill level 5 in Polearms
   482 | D:2      | Reached XP level 3. HP: 22/28 MP: 3/3
   860 | D:2      | Reached skill level 6 in Polearms
   860 | D:2      | Reached XP level 4. HP: 24/34 MP: 4/4
  1642 | D:3      | Reached skill level 5 in Dodging
  1642 | D:3      | Reached XP level 5. HP: 31/41 MP: 5/5
  1745 | D:3      | Noticed a hippogriff
  1758 | D:3      | Slain by a hippogriff

Vault maps used:
D:1:      sevenhm_arrival_forest_fort_small_6, kennysheep_boxes
D:3:      roderic_batcave

Skill      XL: |  1  2  3  4 |
---------------+-------------+-----
Polearms       | 5 6 |  6.7
Fighting       | 3 |  3.4
Dodging        | 5 |  5.1
Throwing       | |  2.0

Action                   |  1- 3 |  4- 6 || total
-------------------------+-------+-------++-------
Melee: Trident           |    90 |    82 ||   172
  Use: Potion            |       |     1 ||     1
 Stab: Sleeping          |     3 |     1 ||     4
  Eat: Chunk             |       |     3 ||     3
Armor: Leather armour    |    13 |    19 ||    32
Dodge: Dodged            |    47 |    66 ||   113
